 Dungeon Crawl Stone Soup version 0.28.0 (webtiles) character file.

Game seed: 11378363500153395344

2286 Crownlay the Thaumaturge (level 9, 0/45 HPs)
             Began as a Gargoyle Earth Elementalist on Feb 18, 2022.
             Killed from afar by Maggie (22 damage)
             ... with a bolt of fire
             ... on level 6 of the Dungeon.
             The game lasted 00:11:11 (8145 turns).

Crownlay the Thaumaturge (GrEE)                     Turns: 8145, Time: 00:11:11

Health: 0/45       AC: 10    Str: 13    XL:     9   Next: 39%
Magic:  20/22      EV: 11    Int: 25    God:
Gold:   106        SH:  0    Dex: 10    Spells: 20/26 levels left

rFire   . . .      SeeInvis +   y - +9 whip of Umadil {drain, rPois Int+6 SInv}
rCold   . . .      Faith    .   (no shield)
rNeg    + . .      Spirit   .   b - +0 robe
rPois   ∞          Reflect  .   (no helmet)
rElec   +          Harm     .   l - +0 cloak
rCorr   .          Rampage  .   v - +0 pair of gloves
Will    +....                   (no boots)
Stlth   ++........              (no amulet)
HPRegen 0.15/turn               c - ring of willpower
MPRegen 0.18/turn               (no ring)

@: no status effects
A: sickness immunity, AC +6, negative energy resistance 1, electricity
resistance, torment resistance 1, petrification resistance
a: no special abilities


You were on level 6 of the Dungeon.
You visited 1 branch of the dungeon, and saw 7 of its levels.

You collected 214 gold pieces.
You spent 108 gold pieces at shops.

Inventory:

Hand Weapons
 y - the +9 whip of Umadil (weapon) {drain, rPois Int+6 SInv}
   (You took it off an orc on level 6 of the Dungeon)

   A truly terrible weapon, it drains the life of any living foe it strikes.
   Int:       It affects your intelligence (+6).
   rPois:     It protects you from poison.
   SInv:      It lets you see invisible.
Missiles
 u - 94 stones
Armour
 b - a +0 robe (worn)
 l - a +0 cloak (worn)
 v - a +0 pair of gloves (worn)
Jewellery
 c - a ring of willpower (left hand)
Wands
 o - a wand of digging (1)
 w - a wand of paralysis (4)
Scrolls
 d - a scroll of summoning {unknown}
 e - a scroll of identify
 f - a scroll of amnesia
 g - a scroll of immolation
 h - 2 scrolls of brand weapon
 i - a scroll of fear
 m - a scroll of enchant armour
 q - 3 scrolls of blinking {unknown}
 x - a scroll of noise {unknown}
Potions
 a - 3 potions of magic
 j - 4 potions of curing
 k - a potion of might {unknown}
 n - a potion of attraction {unknown}
 p - 2 potions of invisibility {unknown}
 r - a potion of degeneration
 s - a potion of heal wounds


   Skills:
 - Level 1.5 Dodging
 - Level 2.1 Stealth
 * Level 9.3 Spellcasting
 + Level 1.4 Summonings
 - Level 0.7 Transmutations
 + Level 9.1 Earth Magic


You had 20 spell levels left.
You knew the following spells:

 Your Spells              Type           Power      Damage    Failure   Level
a - Sandblast             Erth           100%       2d20      1%          1
b - Passwall              Tmut/Erth      30%        N/A       1%          2
c - Stone Arrow           Conj/Erth      68%        3d11      2%          3

Your spell library contained the following spells:

 Spells                   Type           Power      Damage    Failure   Level
 Shock                    Conj/Air       44%        1d5       5%          1
 Wereblood                Tmut           15%        N/A       6%          2
 Petrify                  Tmut/Erth      36%        N/A       7%          4
 Blink                    Tloc           22%        N/A       8%          2
 Dazzling Flash           Conj/Hex       22%        N/A       16%         3
 Lesser Beckoning         Tloc           11%        N/A       16%         3
 Swiftness                Air            11%        N/A       16%         3
 Tukima's Dance           Hex            11%        N/A       16%         3
 Airstrike                Air            5%         N/A       45%         4
 Anguish                  Hex/Necr       5%         N/A       45%         4
 Agony                    Necr           11%        N/A       82%         5
 Manifold Assault         Tloc           11%        N/A       82%         5
 Silence                  Hex/Air        5%         N/A       82%         5
 Enfeeble                 Hex            5%         N/A       100%        7
 Summon Hydra             Summ           9%         N/A       100%        7
 Sublimation of Blood     Necr           Unusable   N/A       N/A         2

Dungeon Overview and Level Annotations

Branches:
Dungeon (7/15)
 Temple: D:4-7

Altars:
Ashenzari
Okawaru
Zin
The Shining One

Shops:
D:1 =   D:4 !

Annotations:
D:6 Maggie


Innate Abilities, Weirdness & Mutations

You are immune to sickness and miasma.
Your stone body is resilient. (AC +6)
You are immune to poison.
You resist negative energy. (rN+)
You are resistant to electric shocks. (rElec)
You are resistant to unholy torment.
You are immune to petrification.


Message History

Done exploring.
Okay, then.
(D) Dungeon
Where to? (Enter - D:6, ? - help)
There is an open door here.
Things that are here:
a +0 whip; a gnoll skeleton
There is a stone staircase leading down here.
You climb downwards.
The orc wizard shouts! x2; Maggie shouts!
You hear a shout!
You hear a croak.
Found a scale mail, a cloak, 14 gold pieces and 6 atropa-tipped darts.
There is a stone staircase leading up here.
There are monsters nearby!
The blast of sand misses Maggie.
The orc wizard points at you and mumbles some strange words.
The puff of flame hits you but does no damage.
The sky beast flickers out of sight for a moment.
Maggie shouts, "Leave me alone!"
Maggie hits you but does no damage.
Maggie hits you with a +1 vorpal broad axe!
You climb upwards.
There is a stone staircase leading down here.
The blast of sand hits Maggie!
Maggie is lightly wounded.
The orc wizard hits you but does no damage.
Maggie hits you with a +1 vorpal broad axe!
You are too injured to fight recklessly!
You are too injured to fight recklessly!
You are too injured to fight recklessly!
Casting: Sandblast (safe; 1% risk of failure)
Confirm with . or Enter, or press ? or * to list all spells.
Aiming: Sandblast (safe; 1% risk of failure)
Press: ? - help, Shift-Dir - straight line, f - orc wizard, p - Maggie
Aim: an orc wizard, wielding a +0 dagger and wearing a +0 robe (80% to hit)
The blast of sand hits the orc wizard!
The orc wizard is almost dead.
The orc wizard hits you but does no damage.
Maggie casts a spell at you. The bolt of fire hits you!!
You die...

##### ##...# #....# ###
#....# ####.## #.#.##
#@@...# #.#.# #o##.## #<#.#
#.##.# #.#.#
##.##.#############
#.#.#####.#.#.............#
#.#......###...##########.#
#.#..##.## ##..# #.#
#.#....## ##)##########.#
#.##.##.## ##...>..........


You could see Maggie and an orc wizard.

Vanquished Creatures
  Pikel (D:5)
  Eustachio (D:5)
  Duvessa (D:6)
  An ice beast (D:5)
  2 ogres
  4 necrophages
  A kobold brigand (D:3)
  A bullfrog (D:3)
  Dowan (D:6)
  A water moccasin skeleton (D:5)
  2 howler monkeys (D:3)
  4 hounds
  A bullfrog zombie (D:5)
  A bullfrog skeleton (D:5)
  2 jellies (D:6)
  Crazy Yiuf (D:3)
  4 iguanas
  An orc wizard (D:3)
  A scorpion zombie (D:5)
  A killer bee zombie (D:5)
  7 gnolls
  6 adders
  A howler monkey skeleton (D:6)
  A white imp (D:5)
  2 worms
  3 dart slugs
  12 orcs
  8 bats
  4 endoplasms
  3 giant cockroaches
  6 goblins
  10 hobgoblins
  5 jackals
  6 kobolds
  3 quokkas
  12 ball pythons
  2 frilled lizards (D:1)
  9 rats
132 creatures vanquished.

Vanquished Creatures (others)
  2 fungi (D:1)
  A plant (D:1)
3 creatures vanquished.

Grand Total: 135 creatures vanquished

Notes
Turn   | Place    | Note
-------+----------+-------------------------------------------
     0 | D:1      | Crownlay the Gargoyle Earth Elementalist began the quest
                  | for the Orb.
     0 | D:1      | Reached XP level 1. HP: 10/10 MP: 3/3
   139 | D:1      | Reached XP level 2. HP: 15/15 MP: 0/5
   793 | D:1      | Reached XP level 3. HP: 15/19 MP: 7/7
   940 | D:1      | Found Iguozeff's Jewellery Emporium.
  1194 | D:1      | Learned a level 2 spell: Passwall
  1198 | D:1      | Learned a level 3 spell: Stone Arrow
  1561 | D:1      | Found a faded altar of an unknown god.
  2221 | D:2      | Found a glowing silver altar of Zin.
  2653 | D:3      | Reached XP level 4. HP: 4/24 MP: 7/9
  3052 | D:3      | Reached XP level 5. HP: 7/28 MP: 0/11
  3551 | D:3      | Reached skill level 5 in Earth Magic
  3843 | D:3      | Reached XP level 6. HP: 22/32 MP: 10/13
  4094 | D:3      | Reached skill level 5 in Spellcasting
  4272 | D:3      | Found a runed translucent door.
  4273 | D:3      | Noticed Crazy Yiuf
  4281 | D:3      | Killed Crazy Yiuf
  4820 | D:4      | Found Qefeomun's Distillery.
  4828 | D:4      | Bought a potion of degeneration for 12 gold pieces
  4828 | D:4      | Bought a potion of curing for 36 gold pieces
  4828 | D:4      | Bought a potion of heal wounds for 60 gold pieces
  4846 | D:4      | Noticed a necrophage
  4852 | D:4      | Killed a necrophage
  4853 | D:4      | Reached XP level 7. HP: 36/36 MP: 8/15
  5268 | D:5      | Entered Level 5 of the Dungeon
  5415 | D:5      | Reached XP level 8. HP: 41/41 MP: 3/18
  5599 | D:5      | Noticed Pikel
  5603 | D:5      | Killed Pikel
  5922 | D:5      | Noticed Eustachio
  5934 | D:5      | Killed Eustachio
  6159 | D:5      | Reached XP level 9. HP: 43/45 MP: 11/21
  7332 | D:6      | Noticed Dowan
  7334 | D:6      | Killed Dowan
  7335 | D:6      | Noticed Duvessa
  7340 | D:6      | Killed Duvessa
  7575 | D:6      | Identified the +9 whip of Umadil {drain, rPois Int+6 SInv}
  7637 | D:6      | Reached skill level 1 in Summonings
  8083 | D:6      | Found a broken altar of Ashenzari.
  8096 | D:6      | Found a glowing golden altar of the Shining One.
  8099 | D:6      | Found an iron altar of Okawaru.
  8140 | D:7      | Noticed Maggie
  8145 | D:6      | Killed from afar by Maggie

Illustrated notes

Levels and vault maps discovered:
D:1:      dpeg_arrival_subterranean_lakeside_camping, layout_loops_ring,
          serial_shops, shop, dreamdust_ecumenical_altar_hidden_monk_grotto
D:2:      layout_basic, basic_altar
D:3:      layout_loops_cross, minmay_close_crescents, uniq_crazy_yiuf_cottage
D:4:      minmay_diamond_boxcup, layout_basic, serial_shops,
          nicolae_diamond_shop
D:5:      layout_basic, uniq_pikel, uniq_eustachio
D:6:      layout_loops_ring, minmay_overflow_temple_star_quad, uniq_duvessa
D:7:      layout_basic, kennysheep_mini, kennysheep_little_box,
          minmay_temple_entry_gardened_gates, uniq_maggie

Skill      XL: |  1  2  3  4  5  6  7  8  9 |
---------------+----------------------------+-----
Earth Magic    | 4 5 6 7 8 9 |  9.1
Spellcasting   | 3 4 5 6 8 9 |  9.3
Summonings     | 1 |  1.4
Dodging        | |  1.5
Stealth        | |  2.1
Transmutations | |  0.7

Action                   |  1- 3 |  4- 6 |  7- 9 || total
-------------------------+-------+-------+-------++-------
Melee: Unarmed           |     3 |       |       ||     3
       Spear             |   169 |    53 |    24 ||   246
       Punch             |     1 |       |       ||     1
       Whip              |       |       |     4 ||     4
 Cast: Sandblast         |    14 |    54 |    25 ||    93
       Stone Arrow       |       |       |    71 ||    71
  Use: Scroll            |     1 |     3 |     2 ||     6
 Stab: Sleeping          |     7 |     1 |     3 ||    11
Armor: Robe              |    43 |    23 |    46 ||   112
Dodge: Dodged            |    97 |    36 |    62 ||   195
